Map: Hardwire LE

Players

DPGRogue (Rogue) - Winner!

  • Race: Zerg Zerg

Solar

  • Race: Zerg Zerg
  • League: Master

Event: TSL 8

VOD

Have the link to the VOD?

Description

Time

  • Played on: Dec. 10, 2021, 8:10 a.m.
  • Length: 7:25

All games in this series

Show
View Real Time Build Order
Export as new Build Order

DPGRogue Zerg - Winner!

Build Orders: Hatch First 

Get SALT Encoding   

  12  0:00  Drone  
  13  0:11  Overlord  
  13  0:16  Drone  
  14  0:30  Drone x2  
  16  0:47  Hatchery  
  15  0:50  Drone  
  15  0:53  Drone  
  18  0:57  Drone  
  18  1:08  Extractor  
  17  1:12  Spawning Pool  
  17  1:15  Drone  
  18  1:18  Drone  
  18  1:28  Drone  
  19  1:39  Drone  
  20  1:51  Drone  
  21  1:58  Queen x2  
  21  1:59  Zergling x2  
  21  2:00  Overlord  
  26  2:10  Drone x2  
  26  2:11  Metabolic Boost  
  28  2:21  Drone x2  
  30  2:32  Drone x2  
  30  2:36  Hatchery  
  31  2:43  Queen  
  33  2:50  Baneling Nest  
  33  2:51  Drone  
  33  2:53  Zergling x2  
  33  2:57  Overlord  
  34  2:59  Drone  
  34  3:04  Zergling x2  
  36  3:15  Drone x5  
  36  3:18  Drone  
  42  3:20  Overlord  
  42  3:25  Zergling x2  
  42  3:26  Drone  
  44  3:30  Evolution Chamber  
  43  3:35  Drone  
  43  3:40  Zergling x4  
  46  3:42  Baneling x2, Zergling x2  
  46  3:43  Drone  
  46  3:46  Lair  
  46  3:47  Drone  
  49  3:53  Roach Warren  
  49  3:55  Drone x2  
  49  3:58  Drone  
  49  3:59  Drone  
  52  4:03  Drone x2  
  52  4:08  Drone  
  52  4:12  Baneling, Extractor  
  52  4:13  Drone x4  
  52  4:14  Drone  
  56  4:17  Drone  
  56  4:22  Overlord  
  57  4:27  Overlord  
  57  4:30  Zerg Missile Weapons Level 1  
  57  4:32  Extractor  
  57  4:34  Drone  
  57  4:37  Extractor  
  57  4:38  Drone, Overlord  
  57  4:39  Overlord  
  57  4:44  Drone x3  
  57  4:45  Drone x4  
  61  4:46  Baneling  
  61  4:48  Zergling x4  
  66  4:57  Roach  
  66  4:59  Zergling x4  
  68  5:02  Overlord  
  68  5:03  Glial Reconstitution  
  68  5:06  Roach  
  68  5:07  Roach x2  
  74  5:11  Roach x2  
  78  5:17  Roach  
  79  5:22  Roach x4  
  79  5:24  Overlord  
  87  5:30  Roach x3  
  87  5:32  Overlord  
  87  5:33  Roach  
  95  5:40  Roach  
  95  5:41  Overlord  
  97  5:44  Overlord  
  97  5:48  Roach x3  
  103  5:53  Roach  
  103  5:55  Roach x2  
  107  5:58  Roach  
  107  5:59  Roach x2  
  107  6:03  Roach x2  
  117  6:05  Roach  
  117  6:07  Roach  
  121  6:11  Roach  
  121  6:13  Baneling x2  
  121  6:14  Overlord  
  121  6:16  Extractor  
  121  6:18  Roach x2  
  126  6:22  Overlord  
  126  6:23  Roach x2  
  126  6:25  Roach  
  129  6:26  Roach  
  127  6:35  Roach x4  
  127  6:37  Overlord  
  127  6:39  Roach  
  124  6:41  Roach  
  124  6:42  Roach  
Show
View Real Time Build Order
Export as new Build Order

Solar Zerg 

Build Orders: Hatch First 

Get SALT Encoding   

  12  0:00  Drone  
  13  0:12  Overlord  
  13  0:17  Drone  
  14  0:31  Drone x2  
  16  0:47  Hatchery  
  15  0:51  Drone  
  15  0:54  Drone  
  17  0:57  Drone  
  18  1:08  Extractor  
  17  1:12  Spawning Pool  
  17  1:15  Drone  
  17  1:19  Drone  
  18  1:28  Drone  
  19  1:38  Drone  
  20  1:53  Drone  
  21  1:59  Zergling x2, Queen x2  
  21  2:01  Overlord  
  26  2:11  Drone x2  
  26  2:12  Metabolic Boost  
  28  2:22  Drone x2  
  30  2:32  Hatchery  
  30  2:36  Zergling x2  
  30  2:37  Drone  
  31  2:46  Baneling Nest  
  31  2:49  Queen  
  32  2:54  Overlord  
  32  2:57  Drone  
  33  3:01  Drone x2  
  33  3:05  Drone  
  36  3:13  Zergling x4  
  36  3:14  Drone, Zergling x2  
  36  3:15  Drone  
  36  3:18  Drone  
  42  3:20  Drone  
  42  3:23  Overlord  
  43  3:30  Evolution Chamber  
  43  3:31  Zergling x2  
  43  3:42  Drone x2  
  43  3:43  Drone x3  
  43  3:45  Drone x2  
  50  3:48  Baneling  
  50  3:49  Baneling  
  50  3:50  Zergling x2  
  50  3:55  Overlord  
  51  3:58  Zergling x4  
  53  4:08  Drone, Baneling  
  52  4:10  Zerg Missile Weapons Level 1  
  52  4:13  Drone x4  
  52  4:16  Zergling x6, Roach Warren  
  58  4:20  Drone x2  
  58  4:22  Drone  
  61  4:26  Overlord  
  61  4:27  Drone  
  61  4:29  Drone, Extractor  
  61  4:30  Drone  
  63  4:31  Extractor  
  63  4:36  Overlord  
  62  4:39  Overlord  
  62  4:42  Overlord  
  62  4:44  Overlord  
  62  4:45  Zergling x6  
  65  4:50  Overlord  
  65  4:56  Roach  
  65  4:57  Roach x4  
  74  5:02  Roach x2  
  74  5:05  Roach  
  78  5:13  Roach  
  80  5:16  Overlord  
  80  5:17  Roach  
  81  5:22  Roach x2  
  81  5:28  Overlord  
  84  5:30  Zergling x2  
  84  5:31  Zergling x14  
  92  5:40  Roach  
  94  5:43  Zergling x4  
  94  5:48  Zergling x2  
  94  5:49  Zergling x6  
  99  5:54  Zergling x4  
  99  5:56  Baneling x9  
  101  6:00  Zergling x8  
  105  6:07  Zergling x4  
  105  6:08  Drone  
  108  6:17  Drone x2  
  108  6:19  Drone  
  108  6:23  Drone x3  
  108  6:27  Roach  
  108  6:28  Roach x4  
  108  6:30  Overlord  
  107  6:34  Roach x2  
  89  6:41  Roach, Extractor  
Tags
 
Add a new tag
Caveats
  • Supply blocks, unpowered buildings, or Contaminate may cause inaccurate times.
  • Supply counts are checked every 10 seconds.